 Dungeon Crawl Stone Soup version 0.30.1-4-g462c640d31 (webtiles) character file.

Game seed: 6241379413110842748

371 booth the Insei (level 7, 0/45 HPs)
             Began as a Djinni Transmuter on Aug 16, 2023.
             Was a Follower of Hepliaklqana.
             Slain by a kobold brigand
             ... wielding a +0 dagger
              (6 damage)
             ... on level 4 of the Dungeon.
             The game lasted 00:26:56 (3291 turns).

booth the Insei (Djinni Transmuter)                 Turns: 3291, Time: 00:26:56

Health: 0/45       AC:  4    Str: 10 (11) XL:     7   Next: 2%
Gold:   207        EV: 12    Int: 12 (15) God:    Hepliaklqana [*.....] SH:  0 Dex: 10 (13)

rFire   + +          .
                       - Unarmed
rCold   x . .        (no shield)
rNeg    . . .        a - +0 robe
rPois   ∞            g - melded +0 helmet
rElec   .            h - +1 cloak
rCorr   .            (no gloves)
SInv    .            (boots unavailable)
Will    .....        (no amulet)
Stlth   +            (no ring)
HPRegen 0.27/turn    (no ring)
MPRegen 0.00/turn

%: infuse magic (-1 HP)
@: appendages (expiring), flying, very slightly contaminated, slowed, very slow
A: horns 2, flying, reduced essence, sickness immunity, fire resistance 2, cold
vulnerability 1, float, innate caster, HP casting, extra vitality 1
a: End Transformation, Renounce Religion, Recall Ancestor, Ancestor Identity


You were on level 4 of the Dungeon.
You worshipped Hepliaklqana.
Hepliaklqana was aware of your devotion.
You had temporarily grown beastly horns.
You visited 1 branch of the dungeon, and saw 4 of its levels.

You collected 207 gold pieces.

Inventory:

Hand Weapons
 e - a +2 heavy sling
 m - a +2 hand axe of venom
 o - a +3 whip
Missiles
 f - a throwing net
 n - a boomerang
Armour
 a - a +0 robe (worn)
 g - a +0 helmet (melded)
 h - a +1 cloak (worn)
 j - a +2 ring mail of cold resistance
 k - a +0 leather armour
Wands
 d - a wand of roots (3)
Potions
 b - a potion of lignification
 c - a potion of invisibility
 i - 2 potions of mutation {unknown}
 l - a potion of curing


   Skills:
 + Level 3.0 Fighting
 + Level 4.0 Dodging
 * Level 4.9 Unarmed Combat
 + Level 2.8 Spellcasting


You knew the following spells:

 Your Spells              Type           Power      Damage    Failure   Level
a - Beastly Appendage     Tmut           16%        N/A       8%          1
b - Wereblood             Tmut           8%         N/A       12%         2
c - Spider Form           Tmut/Pois      8%         N/A       24%         3
d - Ice Form              Ice/Tmut       8%         N/A       61%         4
e - Shock                 Conj/Air       32%        1d5       8%          1
f - Momentum Strike       Conj/Tloc      16%        3d8       12%         2
g - Confusing Touch       Hex            8%         N/A       24%         3
Your spell library was empty.

Dungeon Overview and Level Annotations

Branches:
Dungeon (4/15)
 Temple: D:4-7

Altars:
Hepliaklqana
The Shining One

Shops:
D:2 =


Innate Abilities, Weirdness & Mutations

You have temporarily grown beastly horns.
You are flying.
Your life essence is reduced to manifest your ancestor. (-10% HP)
You are immune to sickness and miasma.
You are immune to poison.
Your flesh is very heat resistant. (rF++)
You are vulnerable to cold. (rC-)
You float through the air rather than walking.
You learn spells naturally, not from books.
Your magical power is your life essence.
You have superior vitality. (+4 MHP)


Message History

Your transformation is almost over.
Ingwas closely misses the kobold brigand.
The kobold brigand hits you with a +0 dagger.
Casting: Beastly Appendage (safe; 8% risk of failure)
Confirm with . or Enter, or press ? or * to list all spells.
The spell is quite dangerous to miscast (24% risk of failure)!
Continue anyway?
You miscast Confusing Touch.
You are very lightly contaminated with residual magic.
You feel a bit tired.
You feel yourself slow down.
Ingwas barely misses the kobold brigand.
The dart slug barely misses Ingwas.
The kobold brigand hits you but does no damage.
You hit the kobold brigand but do no damage.
Your headbutt misses the kobold brigand.
The kobold brigand is severely wounded.
Ingwas hits the kobold brigand.
The kobold brigand completely misses you.
The dart slug bites Ingwas but does no damage.
Ingwas hits the kobold brigand.
You closely miss the kobold brigand. Your punch misses the kobold brigand.
The kobold brigand is almost dead.
The kobold brigand hits you with a +0 dagger.
Ingwas barely misses the kobold brigand.
The dart slug closely misses Ingwas.
The kobold brigand hits you with a +0 dagger.
* * * LOW HITPOINT WARNING * * *
You closely miss the kobold brigand.
Your headbutt misses the kobold brigand.
The kobold brigand is almost dead.
Ingwas barely misses the kobold brigand.
The dart slug closely misses Ingwas.
The kobold brigand hits you with a +0 dagger.
* * * LOW HITPOINT WARNING * * *
Ingwas barely misses the kobold brigand.
The dart slug completely misses Ingwas.
Things that are here:
a +0 dagger; 10 gold pieces The kobold brigand attacks as you move away!
The kobold brigand hits you with a +0 dagger.
You die...

...K......#..# ...
............#### ....
!.............)##... .
#...................
##.#.............##....
#......†)).).)....#....
#.....................
#...#.#..............#
.... ##.....RK@<......#
.. #...w.......#.#.#
##............#.#
#.........?......
#..####...#.....#.
..g.. #..##>....#
...... #.........#
.)<.<. ..........#
..... ....#.......


You could see the friendly Ingwas the ancestor, a kobold brigand (ally target)
and a dart slug.

Vanquished Creatures
  Sigmund (D:2)
  A crimson imp (D:3)
  2 orc wizards
  2 worms (D:3)
  3 dart slugs
  15 orcs
  6 ball pythons
  6 endoplasms
  3 giant cockroaches
  4 goblins
  3 hobgoblins
  5 jackals
  A quokka (D:3)
  3 bats
  2 goblin skeletons (D:3)
  2 hobgoblin zombies (D:3)
  5 kobolds
  An orc zombie (D:3)
  4 rats
69 creatures vanquished.

Vanquished Creatures (collateral kills)
  An iguana (D:4)
  A worm (D:3)
  An orc (D:4)
  A giant cockroach (D:4)
  A hobgoblin (D:4)
5 creatures vanquished.

Grand Total: 74 creatures vanquished

Notes
Turn   | Place    | Note
-------+----------+-------------------------------------------
     0 | D:1      | booth the Djinni Transmuter began the quest for the Orb.
     0 | D:1      | booth set off with the following spells memorised: Beastly
                  | Appendage, Wereblood, Spider Form, Ice Form.
     0 | D:1      | Reached XP level 1. HP: 17/17 MP: 0/0
   219 | D:1      | Reached XP level 2. HP: 11/22 MP: 0/0
   611 | D:1      | Reached XP level 3. HP: 20/27 MP: 0/0
   611 | D:1      | Learned a level 1 spell: Shock
   875 | D:2      | Found Guuseur's Jewellery Shop.
  1079 | D:2      | Reached XP level 4. HP: 13/33 MP: 0/0
  1443 | D:2      | Found a hazy altar of Hepliaklqana.
  1446 | D:2      | Noticed Sigmund
  1487 | D:2      | Killed Sigmund
  1488 | D:2      | Reached XP level 5. HP: 6/39 MP: 0/0
  1488 | D:2      | Learned a level 2 spell: Momentum Strike
  1488 | D:2      | Reached XP level 6. HP: 7/45 MP: 0/0
  1648 | D:2      | Became a worshipper of Hepliaklqana the Forgotten
  2387 | D:3      | Found a glowing golden altar of the Shining One.
  2739 | D:3      | Reached * piety under Hepliaklqana
  3253 | D:4      | Reached XP level 7. HP: 17/45 MP: 0/0
  3253 | D:4      | Learned a level 3 spell: Confusing Touch
  3291 | D:4      | Slain by a kobold brigand

Illustrated notes

Levels and vault maps discovered:
D:1:      lightli_arrival_maybe_door_vault, layout_basic,
          nicolae_concentric_dashed_squares_wild, dreamdust_princess_bridge
D:2:      layout_basic, basic_altar, serial_shops, shop, uniq_sigmund
D:3:      layout_basic, nicolae_tso_besieged_by_evil, minmay_misc_feat_columns
D:4:      layout_cave_pools, uniq_ijyb, uniq_blork_the_orc, uniq_menkaure

Skill      XL: |  1  2  3  4  5  6 |
---------------+-------------------+-----
Spellcasting   | 2 |  2.8
Dodging        | 3 4 |  4.0
Fighting       | 2 3 |  3.0
Unarmed Combat | 4 |  4.9

Action                     |  1- 3 |  4- 6 |  7- 9 || total
---------------------------+-------+-------+-------++-------
  Melee: Unarmed           |    94 |   171 |    11 ||   276
         Headbutt          |    10 |    25 |     1 ||    36
         Punch             |     1 |     6 |       ||     7
   Cast: Beastly Appendage |    16 |    18 |     1 ||    35
         Shock             |     2 |     5 |       ||     7
         Wereblood         |       |     5 |       ||     5
 Invoke: Ancestor Identity |       |     1 |       ||     1
    Use: Potion            |     4 |     5 |       ||     9
         Scroll            |     1 |     2 |       ||     3
   Stab: Sleeping          |     1 |       |       ||     1
 Armour: Robe              |    15 |    49 |     2 ||    66
         Skin              |       |     5 |       ||     5
  Dodge: Dodged            |    47 |   114 |     5 ||   166
